 Dungeon Crawl Stone Soup version 0.28-a0-479-g5baa6b73be (webtiles) character file.

Game seed: 5301898368922157522

21 heikuro the Chopper (level 2, -1/27 HPs)
             Began as a Minotaur Berserker on Sept 18, 2021.
             Was a Follower of Trog.
             Slain by a rat (3 damage)
             ... on level 2 of the Dungeon.
             The game lasted 00:00:46 (584 turns).

heikuro the Chopper (Minotaur Berserker)             Turns: 584, Time: 00:00:47

Health: -1/27      AC:  2    Str: 21    XL:     2   Next: 65%
Magic:  1/1        EV: 12    Int:  4    God:    Trog [*.....]
Gold:   25         SH:  0    Dex:  9    Spells: 1/1 levels left

rFire   . . .      SeeInvis .   a - +0 hand axe
rCold   . . .      Faith    .   (no shield)
rNeg    . . .      Spirit   .   b - +0 animal skin
rPois   .          Reflect  .   (helmet restricted)
rElec   .          Harm     .   (no cloak)
rCorr   .          Rampage  .   (no gloves)
Will    .....                   (no boots)
Stlth   +.........              (no amulet)
HPRegen 0.09/turn               (no ring)
MPRegen 0.07/turn               (no ring)

@: on berserk cooldown, slowed, very slow
A: horns 2, retaliatory headbutt
a: Renounce Religion, Berserk


You were on level 2 of the Dungeon.
You worshipped Trog.
Trog was aware of your devotion.
You visited 1 branch of the dungeon, and saw 2 of its levels.

You collected 25 gold pieces.

Inventory:

Hand Weapons
 a - a +0 hand axe (weapon)
 e - a +2 dagger of venom
Armour
 b - a +0 animal skin (worn)
Scrolls
 d - a scroll of identify {unknown}
 f - a scroll of vulnerability {unknown}
Potions
 c - 2 potions of flight {unknown}


   Skills:
 + Level 3.9 Fighting
 * Level 4.1 Axes
 + Level 2.8 Armour
 + Level 2.5 Dodging


You had one spell level left.
You didn't know any spells.
Your spell library was empty.

Dungeon Overview and Level Annotations

Branches:
Dungeon (1/15)

Altars:


Innate Abilities, Weirdness & Mutations

You have a pair of horns on your head.
You reflexively headbutt those who attack you in melee.


Message History

The adder hisses angrily.
You are no longer berserk.
You are exhausted.
You feel yourself slow down.
You feel sick.
You hit the adder.
The adder is heavily wounded.
You feel sick. The adder bites you.
You are more poisoned.
The adder poisons you! The adder misses you. You furiously retaliate!
You headbutt the adder. You barely miss the adder.
The adder is severely wounded.
You feel very sick. The adder bites you but does no damage.
The adder barely misses you.
You miss the adder.
The adder is severely wounded.
You hit the frilled lizard.
You kill the frilled lizard!
Trog accepts your kill.
You feel very sick. The adder bites you. The adder barely misses you.
You feel sick. The adder misses you. You furiously retaliate!
You headbutt the adder!
You kill the adder!
Trog accepts your kill. The frilled lizard closely misses you.
You furiously retaliate!
You headbutt the frilled lizard.
You kill the frilled lizard!
Trog accepts your kill.
Unknown command.
Found a stone staircase leading down.
You feel sick.
You feel sick.
You feel sick.
You are no longer poisoned.
You see here a scroll labelled KOWKOZ HOOHEIWK.
f - a scroll labelled KOWKOZ HOOHEIWK The rat bites you.
* * * LOW HITPOINT WARNING * * *
The rat bites you.
You die...

##.# .# ####r.#
... #.†..##....
##.#####....
#...........
#....#.........
######.........
#.r.......
#.@.......
#.........
#.........
#.........
#......>..
##########


You could see a rat.

Vanquished Creatures
  An adder (D:2)
  An endoplasm (D:1)
  3 goblins
  A hobgoblin (D:1)
  2 jackals (D:1)
  3 frilled lizards
  A rat (D:1)
12 creatures vanquished.

Notes
Turn   | Place    | Note
-------+----------+-------------------------------------------
     0 | D:1      | heikuro the Minotaur Berserker began the quest for the Orb.
     0 | D:1      | Reached XP level 1. HP: 19/19 MP: 0/0
   293 | D:1      | Reached XP level 2. HP: 16/27 MP: 1/1
   430 | D:1      | Reached skill level 4 in Axes
   562 | D:1      | You fall into a shaft and drop 1 floor!
   584 | D:2      | Slain by a rat

Illustrated notes

Levels and vault maps discovered:
D:1:      dpeg_arrival_erosion, layout_basic, ebering_ecumenical_altar_box
D:2:      layout_rooms, grunt_ministairs_8, uniq_natasha

Skill      XL: |  1  2 |
---------------+-------+-----
Axes           | 4 |  4.1
Fighting       | |  3.9
Armour         | |  2.8
Dodging        | |  2.5

Action                   || total
-------------------------++-------
Melee: Hand axe          ||    23
       Headbutt          ||     2
Invok: Berserk           ||     2
Armor: Animal skin       ||     2
Dodge: Dodged            ||    11

Table legend: (Time is in decaauts)
 A = Elapsed time spent in this place.
 B = Non-inter-level travel time spent in this place.
 C = Inter-level travel time spent in this place.
 D = Time resting spent in this place.
 E = Time spent auto-exploring this place.
 F = Levels seen in this place.
 G = Mean time per level.
                   A        B        C        D        E       F      G
               +--------+--------+--------+--------+--------+-----+--------+
         Total |    596 |    596 |      0 |    260 |    254 |   2 |  298.0 |
       Dungeon |    596 |    596 |      0 |    260 |    254 |   2 |  298.0 |
               +--------+--------+--------+--------+--------+-----+--------+

Top non-repeatable levels by time:
     D:1: 572 daAuts
     D:2: 23 daAuts
